cohdb
Replays
Latest Replays
All Replays
Popular Replays
Top Player Replays
Match Explorer
How It Works
Community
CoH3 Stats
Reddit
Sign in to upload your games and track your stats! →
Sign in with Steam
Match 43958073
Unlisted
Match 43958073
Overview
Messages
Build Orders
End
Royal Engineer Section
Construct Section Command Post
Dingo Light Scout Car
Infantry Section
Infantry Section
Construct Platoon Command Post
Unlock M3 Stuart Light Tanks
Selects Air and Sea Battlegroup
Selects Supply Surplus
Construct Field Infirmary
M3 Stuart Light Tank
Selects Commando Section Paradrop
Selects Commando Support Section Paradrop
Unlock Bishop Self-propelled Artillery
Grenade Package
Knight Rider
Jet
Nukepapa
Fajolada
0
0
Comments
sign in to comment!
No comments posted yet!